 Dungeon Crawl Stone Soup version 0.29-a0-380-gf50f0a9fbc (webtiles) character file.

Game seed: 11979145550138661196

109 Antichthon the Skirmisher (level 5, 0/42 HPs)
             Began as a Formicid Abyssal Knight on May 5, 2022.
             Was a Believer of Lugonu.
             Slain by a gnoll
             ... wielding a +0 falchion
              (3 damage)
             ... on level 3 of the Dungeon.
             The game lasted 00:02:48 (2048 turns).

Antichthon the Skirmisher (Formicid Abyssal Knight) Turns: 2048, Time: 00:02:48

Health: 0/42       AC: 12    Str: 17    XL:     5   Next: 13%
Magic:  7/7        EV:  7    Int: 10    God:    Lugonu [**....]
Gold:   139        SH:  0    Dex: 13    Spells: 4/4 levels left

rFire   . . .      SeeInvis +   a - +1 falchion
rCold   . . .      Faith    .   (no shield)
rNeg    + . .      Spirit   .   f - +0 chain mail
rPois   .          Reflect  .   (helmet unavailable)
rElec   .          Harm     .   (no cloak)
rCorr   .          Rampage  .   (no gloves)
Will    .....                   (no boots)
Stlth   ..........              (no amulet)
HPRegen 0.14/turn               d - +4 ring of protection
MPRegen 0.10/turn               e - ring of positive energy

@: no status effects
A: permanent stasis, dig shafts and tunnels, antennae 3, four strong arms
a: Dig, Shaft Self, Renounce Religion, Depart the Abyss, Bend Space


You were on level 3 of the Dungeon.
You worshipped Lugonu.
Lugonu was pleased with you.
You visited 1 branch of the dungeon, and saw 3 of its levels.
You visited the Abyss 1 time.

You collected 139 gold pieces.

Inventory:

Hand Weapons
 a - a +1 falchion (weapon)
Armour
 f - a +0 chain mail (worn)
Jewellery
 c - a ring of fire
 d - a +4 ring of protection (left hand)
 e - a ring of positive energy (right hand)
 h - a ring of ice
 k - a ring of poison resistance
Scrolls
 m - a scroll of identify
Potions
 b - 2 potions of flight {unknown}
 g - a potion of curing {unknown}
 i - a potion of lignification {unknown}
 j - a potion of heal wounds


   Skills:
 * Level 4.1 Fighting
 * Level 3.0 Long Blades
 * Level 0.8 Crossbows
 * Level 2.6 Armour
 * Level 1.1 Dodging
 * Level 1.0 Stealth
 * Level 1.1 Shields
 * Level 2.6 Invocations
 * Level 0.7 Evocations


You had 4 spell levels left.
You didn't know any spells.
Your spell library contained the following spells:

 Spells                   Type           Power      Damage    Failure   Level
 Beastly Appendage        Tmut           0%         N/A       99%         1
 Wereblood                Tmut           0%         N/A       100%        2
 Spider Form              Tmut/Pois      0%         N/A       100%        3


Dungeon Overview and Level Annotations

Branches:
Dungeon (3/15)

Altars:


Innate Abilities, Weirdness & Mutations

You cannot be hasted, slowed, berserked, paralysed or teleported.
You can dig through walls and to a lower floor.
You have a pair of large antennae on your head. (SInv)
Your four strong arms can wield two-handed weapons with a shield.


Message History

The gnoll hits you but does no damage. The gnoll hits you with a +0 halberd!
You hit the gnoll.
The gnoll is moderately wounded.
The gnoll barely misses you. The gnoll hits you with a +0 halberd!
The gnoll hits you but does no damage. The gnoll barely misses you.
The gnoll hits you from afar with a +0 halberd!
The gnoll attacks as you move away! The gnoll hits you but does no damage.
The gnoll closely misses you. The gnoll attacks as you move away!
The gnoll hits you with a +0 falchion.
* * * LOW HITPOINT WARNING * * *
You see here a +0 club.
The gnoll attacks as you move away! The gnoll hits you with a +0 falchion.
* * * LOW HITPOINT WARNING * * *
It was a potion of heal wounds.
You feel much better. The gnoll closely misses you. The gnoll misses you.
Unknown command.
You hit the gnoll.
The gnoll is moderately wounded.
The gnoll hits you with a +0 falchion.
The gnoll hits you from afar with a +0 halberd!
* * * LOW HITPOINT WARNING * * *
You barely miss the gnoll.
The gnoll is moderately wounded.
The gnoll barely misses you. x2; The gnoll hits you but does no damage.
The gnoll barely misses you.
You hit the gnoll.
The gnoll is heavily wounded.
The gnoll hits you but does no damage. x2
You hit the gnoll.
The gnoll is heavily wounded.
The gnoll barely misses you.
The gnoll hits you from afar with a +0 halberd!
* * * LOW HITPOINT WARNING * * *
Unknown command.
You hit the gnoll.
The gnoll is severely wounded.
The gnoll hits you with a +0 falchion.
You die...

..#.#.####..#
..#.........##
..#...####...#
.......###...######*
.........).........*
..#...####...#####.*
.##..........# *,#
.##...###....#####.#
.............ggg@..#
.####.###....#####.#
.# #.# #...##****,#
.# #.# #...:,,,,,,*
+####.**#...#*****,*
......*.....# *,*
......#.#...#*****,*
.............,,,,,,*
......*,**,,********


You could see 3 gnolls.

Vanquished Creatures
  Jessica (D:2)
  4 adders
  2 dart slugs (D:2)
  A ball python (D:1)
  4 bats
  4 endoplasms
  3 giant cockroaches
  3 goblins
  5 hobgoblins
  4 jackals (D:1)
  2 quokkas
  A frilled lizard (D:2)
  3 kobolds
  3 rats
40 creatures vanquished.

Notes
Turn   | Place    | Note
-------+----------+-------------------------------------------
     0 | Abyss:1  | Antichthon the Formicid Abyssal Knight began the quest for
                  | the Orb.
     0 | Abyss:1  | Reached XP level 1. HP: 18/18 MP: 2/2
     0 | D:1      | Escaped the Abyss
   293 | D:1      | Reached skill level 1 in Dodging
   315 | D:1      | Reached XP level 2. HP: 24/24 MP: 3/3
   549 | D:1      | Found a faded altar of an unknown god.
   584 | D:1      | Reached XP level 3. HP: 30/30 MP: 4/4
  1269 | D:2      | Reached XP level 4. HP: 37/37 MP: 5/5
  1401 | D:2      | Reached skill level 4 in Fighting
  1471 | D:2      | Noticed Jessica
  1480 | D:2      | Killed Jessica
  1481 | D:2      | Reached skill level 1 in Shields
  1872 | D:3      | Reached skill level 1 in Stealth
  1884 | D:3      | Reached XP level 5. HP: 36/42 MP: 5/7
  2048 | D:3      | Slain by a gnoll

Illustrated notes

Levels and vault maps discovered:
D:1:      scummos_arrival_gate, layout_rooms, shapermc_ecumenical_altar_venn,
          nicolae_concentric_dashed_squares_mild
D:2:      layout_loops_ring, uniq_jessica
D:3:      layout_basic, nicolae_ru_the_path_less_chosen, minmay_quantized

Skill      XL: |  1  2  3  4  5 |
---------------+----------------+-----
Dodging        | 1 |  1.1
Fighting       | 4 |  4.1
Shields        | 1 |  1.1
Stealth        | 1 |  1.0
Long Blades    | 3 |  3.0
Crossbows      | |  0.8
Armour         | |  2.6
Invocations    | |  2.6
Evocations     | |  0.7

Action                   |  1- 3 |  4- 6 || total
-------------------------+-------+-------++-------
Melee: Falchion          |   102 |    48 ||   150
       Punch             |     1 |     1 ||     2
Invok: Depart the Abyss  |     1 |       ||     1
  Use: Scroll            |     2 |     2 ||     4
       Potion            |       |     1 ||     1
Armor: Leather armour    |    27 |       ||    27
       Chain mail        |    37 |    37 ||    74
Dodge: Dodged            |    58 |    22 ||    80

Table legend: (Time is in decaauts)
 A = Elapsed time spent in this place.
 B = Non-inter-level travel time spent in this place.
 C = Inter-level travel time spent in this place.
 D = Time resting spent in this place.
 E = Time spent auto-exploring this place.
 F = Levels seen in this place.
 G = Mean time per level.
                   A        B        C        D        E       F      G
               +--------+--------+--------+--------+--------+-----+--------+
         Total |   2073 |   2029 |     44 |      0 |   1570 |   4 |  518.2 |
       Dungeon |   2073 |   2029 |     44 |      0 |   1570 |   3 |  691.0 |
         Abyss |      0 |      0 |      0 |      0 |      0 |   1 |    0.0 |
               +--------+--------+--------+--------+--------+-----+--------+

Top non-repeatable levels by time:
     D:2: 1017 daAuts
     D:1: 856 daAuts
     D:3: 199 daAuts
